AoeStats
← omerfarukyilmazpdr

Arabia

506067379Analyzed
1v1 RM · 21d ago on Sep 12, 2026· 31m 56s· 2 players
Game mode
Random Map
Map size
Tiny (2 player)
Population
200
Speed
Normal
Resources
Standard
Victory
Conquest
Starting age
Dark Age
Ending age
Imperial Age
RankedLock teamsTeams togetherTeam positionsShared explorationLock speedFull tech treeHidden civsTurbo modeCheats
Victory
Defeat
🇹🇷 Byzantines · Türkiye
772
+15
🇹🇼 Franks · Taiwan
760
-15
smallrice6888
14:40 Feudal Age
15:40 Loom
16:31 Wheelbarrow
16:15 Double-Bit Axe
21:21 Castle Age
20:37 Stone Mining
20:35 Town Watch
22:36 Husbandry
23:53 Fletching
24:53 Bodkin Arrow
26:09 Pikeman
26:50 Squires
30:29 Gold Mining
omerfarukyilmazpdr
10:21 Feudal Age
10:50 Double-Bit Axe
10:49 Horse Collar
12:16 Man-at-Arms
20:57 Castle Age
19:12 Stone Mining
19:45 Gold Mining
21:24 Scale Barding Armor
21:20 Scale Mail Armor
21:38 Forging
21:30 Scale Mail Armor
22:27 Husbandry
22:36 Squires
23:32 Wheelbarrow
26:57 Pikeman
30:48 Long Swordsman
Connection lost

Rejoining the realm…

Still unreachable

The connection could not be restored.

Session expired

The server has moved on; the page needs a fresh start.